 Dungeon Crawl Stone Soup version 0.26.1-11-gd32895ea62 (webtiles) character file.

Game seed: 1665174224375051691

0 infcreate the Vexing (level 1, 13/13 HPs)
             Began as a Vampire Enchanter on May 5, 2021.
             Quit the game on level 1 of the Dungeon.
             The game lasted 00:00:31 (63 turns).

infcreate the Vexing (Vampire Enchanter)              Turns: 63, Time: 00:00:31

Health: 13/13      AC:  2    Str:  7    XL:     1   Next: 8%
Magic:  3/3        EV: 12    Int: 17    God:
Gold:   16         SH:  0    Dex: 14    Spells: 3/4 levels left

rFire    . . .     SeeInvis +   a - +1 dagger
rCold    . . .     Faith    .   (no shield)
rNeg     . . .     Spirit   .   b - +0 robe
rPois    .         Reflect  .   (no helmet)
rElec    .         Harm     .   (no cloak)
rCorr    .         Rampage  .   (no gloves)
Will     .....                  (no boots)
Stlth    +++.......             (no amulet)
HPRegen  0.24/turn              (no ring)
MPRegen  0.08/turn              (no ring)

@: regenerating quickly
A: fangs 3, see invisible, unbreathing
a: Exsanguinate


You were on level 1 of the Dungeon.
You visited 1 branch of the dungeon, and saw 1 of its levels.

You collected 16 gold pieces.


Innate Abilities, Weirdness & Mutations

Your natural rate of healing is unusually fast.
You have razor-sharp teeth.
You have supernaturally acute eyesight. (SInv)
You can survive without breathing.


   Skills:
 + Level 0.0 Fighting
 * Level 1.1 Short Blades
 * Level 2.2 Dodging
 * Level 4.4 Stealth
 + Level 2.0 Spellcasting
 * Level 4.4 Hexes


You had 3 spell levels left.
You knew the following spells:

 Your Spells              Type           Power        Failure   Level
c - Corona                Hex            17%          3%          1

Your spell library contained the following spells:

 Spells                   Type           Power        Failure   Level
 Confusing Touch          Hex            16%          10%         3
 Tukima's Dance           Hex            16%          10%         3
 Ensorcelled Hibernation  Hex/Ice        18%          12%         2
 Dazzling Flash           Conj/Hex       18%          24%         3

Inventory:

Hand Weapons
 a - a +1 dagger (weapon)
Armour
 b - a +0 robe (worn)

Dungeon Overview and Level Annotations

Branches:
Dungeon (1/15)

Altars:

Annotations:
D:1 1 runed translucent door

....# ... .. #
....##..... .. #.
#.#........ .
.###.#######.#..(#....
......................
## #................
.#######.#####.##.......
........................
.###############@.......
.# ....BB #........ .#
.r...B #.....w.. .#
B.... #..##....
.#######+## ####..# ...
.#....... ....#..# ..
.+⌠....###....⌠+..# .
.#......<......#..#
.#..⌠...>...⌠..#


You could see a dart slug (asleep).


Message History

Casting: Corona (safe; 3% risk of failure)
Confirm with . or Enter, or press ? or * to list all spells.
Aiming: Corona (safe; 3% risk of failure)
Press: ? - help, Shift-Dir - straight line, f - rat
Aim: a rat (asleep, chance to affect: 71%)
The rat is outlined in light.
Found 9 gold pieces.
You start resting.
A rat is nearby!
Casting: Corona (safe; 3% risk of failure)
Confirm with . or Enter, or press ? or * to list all spells.
Aiming: Corona (safe; 3% risk of failure)
Press: ? - help, Shift-Dir - straight line, f/p - rat
Aim: a rat (softly glowing, chance to affect: 71%)
The rat glows brighter.
You barely miss the rat. The rat barely misses you.
You hit the rat.
The rat is severely wounded.
The rat closely misses you.
You barely miss the rat.
The rat is severely wounded.
The rat closely misses you.
You hit the rat.
You kill the rat!
Found a club and a short sword.
You now have 7 gold pieces.
You now have 16 gold pieces (gained 9).
Found 16 stones.
A dart slug comes into view.
Are you sure you want to abandon this character and quit the game? (Confirm with "yes".)

Action                   || total
-------------------------++-------
Melee: Dagger            ||     4
 Cast: Corona            ||     2
Dodge: Dodged            ||     3

Levels and vault maps discovered:
D:1:      dpeg_arrival_caged_fury, layout_basic, corexii_item_surrounded_by_moat

Notes
Turn   | Place    | Note
-------+----------+-------------------------------------------
     0 | D:1      | infcreate the Vampire Enchanter began the quest for the
                  | Orb.
     0 | D:1      | Reached XP level 1. HP: 13/13 MP: 3/3
     2 | D:1      | Found a runed translucent door.
    63 | D:1      | Quit the game

Vanquished Creatures
  A rat (D:1)
1 creature vanquished.

Table legend: (Time is in decaauts)
 A = Elapsed time spent in this place.
 B = Non-inter-level travel time spent in this place.
 C = Inter-level travel time spent in this place.
 D = Time resting spent in this place.
 E = Time spent auto-exploring this place.
 F = Levels seen in this place.
 G = Mean time per level.
                   A        B        C        D        E       F      G
               +--------+--------+--------+--------+--------+-----+--------+
         Total |     62 |     62 |      0 |      6 |      0 |   1 |   62.0 |
       Dungeon |     62 |     62 |      0 |      6 |      0 |   1 |   62.0 |
               +--------+--------+--------+--------+--------+-----+--------+

Top non-repeatable levels by time:
     D:1: 62 daAuts

Table legend:
 A = Non-vault XP
 B = Vault XP
 C = Vault XP percentage of total XP
 D = Non-vault monster count
 E = Vault monster count
 F = Vault count percentage of total count
                 A         B        C        D         E       F
            +---------+---------+-------+---------+---------+-------
      Total |       1 |       0 |   0.0 |       1 |       0 |   0.0
            +---------+---------+-------+---------+---------+-------
        D:1 |       1 |       0 |   0.0 |       1 |       0 |   0.0
            +---------+---------+-------+---------+---------+-------
